 Dungeon Crawl Stone Soup version 0.29-a0-380-gf50f0a9fbc (webtiles) character file.

Game seed: 10357299281427433152

16797 Antichthon the Carver (level 12, -4/94 HPs)
             Began as a Formicid Abyssal Knight on May 5, 2022.
             Was a High Priest of Lugonu.
             Slain by a komodo dragon (9 damage)
             ... on level 1 of the Lair of Beasts.
             The game lasted 00:29:03 (16054 turns).

Antichthon the Carver (Formicid Abyssal Knight)    Turns: 16054, Time: 00:29:03

Health: -4/94      AC: 17    Str: 18    XL:     12   Next: 74%
Magic:  2/17       EV: 14    Int: 11    God:    Lugonu [*****.]
Gold:   693        SH:  6    Dex: 17    Spells: 11/11 levels left

rFire   + . .      SeeInvis +   b - +1 great sword (venom)
rCold   + . .      Faith    .   f - +0 buckler
rNeg    . . .      Spirit   .   i - +0 acid dragon scales
rPois   +          Reflect  .   (helmet unavailable)
rElec   +          Harm     .   r - +0 cloak
rCorr   +          Rampage  .   (no gloves)
Will    +....                   (no boots)
Stlth   ++........              (no amulet)
HPRegen 0.25/turn               g - +4 ring of protection
MPRegen 0.15/turn               j - +4 ring of protection

@: resistant, invisible, very slow
A: permanent stasis, dig shafts and tunnels, antennae 3, four strong arms,
hooves 1, agile 1, MP-powered wands
a: Dig, Shaft Self, Renounce Religion, Depart the Abyss, Bend Space, Banish,
Corrupt, Enter the Abyss


You were on level 1 of the Lair of Beasts.
You worshipped Lugonu.
Lugonu was extremely pleased with you.
You visited 2 branches of the dungeon, and saw 12 of its levels.
You visited the Abyss 1 time.

You collected 745 gold pieces.
You spent 52 gold pieces at shops.

Inventory:

Hand Weapons
 a - a +0 hand crossbow
 b - a +1 great sword of venom (weapon)
Armour
 f - a +0 buckler (worn)
 i - +0 acid dragon scales (worn)
 r - a +0 cloak (worn)
Jewellery
 g - a +4 ring of protection (left hand)
 j - a +4 ring of protection (right hand)
Wands
 h - a wand of iceblast (12)
 k - a wand of paralysis (6)
 s - a wand of digging (1)
 u - a wand of mindburst (20)
Scrolls
 m - a scroll of vulnerability
 t - a scroll of amnesia
 x - a scroll of magic mapping
Potions
 c - 2 potions of flight
 e - 4 potions of brilliance
 l - 2 potions of attraction
 o - 2 potions of ambrosia
 q - 3 potions of magic
 v - a potion of mutation


   Skills:
 * Level 8.4 Fighting
 * Level 11.1 Long Blades
 * Level 5.6 Crossbows
 * Level 7.5 Armour
 * Level 5.4 Dodging
 * Level 7.2 Stealth
 * Level 6.3 Shields
 * Level 7.0 Invocations
 * Level 6.1 Evocations


You had 11 spell levels left.
You didn't know any spells.
Your spell library contained the following spells:

 Spells                   Type           Power      Damage    Failure   Level
 Freeze                   Ice            0%         1d3       47%         1
 Magic Dart               Conj           0%         1d3       47%         1
 Searing Ray              Conj           0%         2d4       63%         2
 Sublimation of Blood     Necr           0%         N/A       63%         2
 Frozen Ramparts          Ice            0%         1d2       85%         3
 Lesser Beckoning         Tloc           0%         N/A       85%         3
 Fulminant Prism          Conj/Hex       0%         3d6       99%         4
 Hailstorm                Conj/Ice       0%         3d3       99%         4
 Petrify                  Tmut/Erth      0%         N/A       99%         4
 Irradiate                Conj/Tmut      0%         3d13      100%        5
 Manifold Assault         Tloc           0%         N/A       100%        5
 Blink                    Tloc           Unusable   N/A       N/A         2

Dungeon Overview and Level Annotations

Branches:
Dungeon (11/15)            Temple (0/1) D:5            Lair (1/6) D:11
    Orc: D:9-12

Altars:
Cheibriados
Elyvilon
Fedhas
Hepliaklqana
Kikubaaqudgha
Nemelex Xobeh
Qazlal
Trog
Wu Jian
Xom
The Shining One
Beogh

Shops:
D:7 ?

Annotations:
D:4 1 runed translucent door, Crazy Yiuf
D:7 1 runed translucent door, RubberRat's ghost, novice VSBr


Innate Abilities, Weirdness & Mutations

You cannot be hasted, slowed, berserked, paralysed or teleported.
You can dig through walls and to a lower floor.
You have a pair of large antennae on your head. (SInv)
Your four strong arms can wield two-handed weapons with a shield.
You have large cloven feet.
You are agile. (Dex +2)
You expend magic power (3 MP) to strengthen your wands.


Message History

Unknown command.
Aiming: Iceblast
Press: ? - help, Shift-Dir - straight line You feel a slight surge of power.
The mass of ice explodes!
The iceblast engulfs the six-headed hydra!
You kill the six-headed hydra!
Lugonu accepts your kill.
The komodo dragon bites you but does no damage.
The cane toad misses you.
You hit the komodo dragon but do no damage.
The komodo dragon is moderately wounded.
The komodo dragon bites you!! The cane toad stings you!
* * * LOW HITPOINT WARNING * * *
You are lethally poisoned!
The cane toad poisons you! You block the komodo dragon's attack.
Unknown command.
You feel better. The cane toad barely misses you. The komodo dragon misses you.
Unknown command.
You feel protected. You block the cane toad's attack.
The komodo dragon bites you!!
* * * LOW HITPOINT WARNING * * *
Unknown command.
Okay, then.
You feel better. The cane toad stings you.
* * * LOW HITPOINT WARNING * * *
The komodo dragon misses you. Space bends violently around you!
You blink.
Splash!
You fall into the shallow water.
Moving in this stuff is going to be slow.
The cane toad completely misses you. You block the komodo dragon's attack.
Unknown command.
Okay, then.
You can't shaft yourself on this terrain.
Press: ? - help, v - describe, . - travel Some shallow water.
Okay, then.
You fade into invisibility!
The cane toad completely misses you. The komodo dragon bites you!
You die...

#....#...#.#
######.......#.#
#...#...#÷######.#
#.........+
###..............#
#.......... #..#.#.#.###.###
##..###.... #..#...........#
#..##....# ##..#...........#
#........# #.......≈####...#
#......... ##..#...## ##l..#
#......... #......####@F.##
.#.........
#..#...........#..#..##.....
##.#........#...# #.##......
###.#..######..!##...#.....
###### .#[.##......... F.
####......... ###
##......... #.[........
#..........


You could see a komodo dragon and a cane toad.

Vanquished Creatures
  2 hydras (Lair:1)
  2 two-headed ogres
  Erica (D:8)
  An oklob plant (D:11)
  Maurice (D:8)
  6 cane toads (Lair:1)
  A kobold demonologist (D:8)
  2 komodo dragons (Lair:1)
  3 trolls
  A hornet (D:9)
  Prince Ribbit (D:5)
  3 blink frogs (Lair:1)
  A vampire (D:11)
  Sigmund (D:3)
  2 shadows (D:10)
  3 yaks (D:9)
  2 wyverns
  Eustachio (D:4)
  2 vampire mosquitoes (D:10)
  2 steam dragons
  A warg (D:7)
  5 water moccasins
  3 acid dragons
  9 orc warriors
  2 black bears
  7 ogres
  2 centaurs
  A phantom (D:5)
  10 kobold brigands
  6 bullfrogs
  A necrophage (D:8)
  3 gnoll sergeants (D:7)
  13 wights
  6 killer bees (D:9)
  14 howler monkeys
  2 jellies
  3 gnoll shamans
  6 hounds
  6 orc priests
  Ijyb (D:3)
  An iguana (D:6)
  19 orc wizards
  Robin (D:4)
  13 gnolls
  7 adders
  2 shadow imps (D:8)
  A white imp (D:8)
  2 ufetubi
  3 worms
  6 dart slugs
  46 orcs
  2 ball pythons
  2 bats
  9 endoplasms
  3 giant cockroaches
  15 goblins
  9 hobgoblins
  3 jackals (D:1)
  35 kobolds
  A quokka (D:2)
  A frilled lizard (D:1)
  10 kobold skeletons (D:8)
  8 kobold zombies (D:8)
  6 rats
344 creatures vanquished.

Vanquished Creatures (others)
  An orc wizard (D:6)
  A fungus (Lair:1)
  13 plants
15 creatures vanquished.

Grand Total: 359 creatures vanquished

Notes
Turn   | Place    | Note
-------+----------+-------------------------------------------
     0 | Abyss:1  | Antichthon the Formicid Abyssal Knight began the quest for
                  | the Orb.
     0 | Abyss:1  | Reached XP level 1. HP: 18/18 MP: 2/2
     0 | D:1      | Escaped the Abyss
   205 | D:1      | Reached XP level 2. HP: 16/24 MP: 3/3
   984 | D:1      | Reached XP level 3. HP: 29/30 MP: 4/4
  1022 | D:1      | Reached skill level 1 in Dodging
  1615 | D:2      | Gained mutation: You expend magic power (3 MP) to
                  | strengthen your wands. [potion of mutation]
  1615 | D:2      | Gained mutation: You are agile. (Dex +2) [potion of
                  | mutation]
  1615 | D:2      | Gained mutation: You have large cloven feet. [potion of
                  | mutation]
  1764 | D:3      | Reached XP level 4. HP: 37/37 MP: 5/5
  1850 | D:3      | Noticed Ijyb
  1868 | D:3      | Killed Ijyb
  1869 | D:3      | Reached skill level 3 in Long Blades
  1869 | D:3      | Reached skill level 1 in Stealth
  1869 | D:3      | Reached skill level 1 in Evocations
  1900 | D:3      | Noticed Sigmund
  1920 | D:3      | Killed Sigmund
  1921 | D:3      | Reached skill level 1 in Crossbows
  1921 | D:3      | Reached skill level 1 in Shields
  1921 | D:3      | Reached XP level 5. HP: 29/42 MP: 5/7
  1921 | D:3      | Reached XP level 6. HP: 33/48 MP: 5/8
  2459 | D:3      | Found a shimmering altar of Xom.
  2468 | D:3      | Found a white marble altar of Elyvilon.
  2521 | D:4      | Reached skill level 4 in Long Blades
  2657 | D:4      | Noticed Eustachio
  2704 | D:4      | Killed Eustachio
  2705 | D:4      | Reached XP level 7. HP: 26/54 MP: 9/9
  3132 | D:4      | Found a runed translucent door.
  3133 | D:4      | Noticed Crazy Yiuf
  3176 | D:4      | Noticed Robin
  3188 | D:4      | Reached *** piety under Lugonu
  3196 | D:4      | Killed Robin
  3825 | D:5      | Entered Level 5 of the Dungeon
  4041 | D:5      | Found a staircase to the Ecumenical Temple.
  4261 | D:5      | Noticed Prince Ribbit
  4270 | D:5      | Reached XP level 8. HP: 49/61 MP: 10/10
  4300 | D:5      | Killed Prince Ribbit
  4301 | D:5      | Reached skill level 5 in Long Blades
  4563 | D:5      | Found an ornate altar of the Wu Jian Council.
  4590 | D:5      | Found a blossoming altar of Fedhas.
  4727 | D:5      | Found a sparkling altar of Nemelex Xobeh.
  4727 | D:5      | Found the +5 demon whip "Spellbinder" {antimagic, Will+}
  4758 | D:5      | Found a snail-covered altar of Cheibriados.
  4948 | D:6      | Reached skill level 5 in Fighting
  5172 | D:6      | Reached XP level 9. HP: 68/68 MP: 3/11
  5825 | D:6      | Reached skill level 5 in Armour
  5832 | D:6      | Reached skill level 6 in Long Blades
  6172 | D:6      | Noticed a two-headed ogre
  6185 | D:6      | Killed a two-headed ogre
  6598 | D:7      | Reached **** piety under Lugonu
  6897 | D:7      | Reached XP level 10. HP: 44/76 MP: 13/13
  7077 | D:7      | Reached skill level 5 in Invocations
  7085 | D:7      | Reached skill level 7 in Long Blades
  7423 | D:7      | Found Doilint's Magic Scroll Shoppe.
  7457 | D:7      | Reached skill level 5 in Stealth
  8385 | D:7      | Reached skill level 8 in Long Blades
  8744 | D:7      | Identified the +4 helmet of the Feral God {+Blink Str+4}
  8767 | D:7      | Noticed a two-headed ogre
  8782 | D:7      | Killed a two-headed ogre
  8783 | D:7      | Reached XP level 11. HP: 60/84 MP: 15/15
  9000 | D:7      | Found a runed translucent door.
  9000 | D:7      | Found a shimmering altar of Xom.
  9000 | D:7      | Noticed RubberRat's ghost (novice VSBr)
  9000 | D:7      | Noticed a +0 dagger of chaos
  9344 | D:7      | Reached skill level 5 in Shields
  9457 | D:8      | Noticed Maurice
  9467 | D:8      | Killed Maurice
  9548 | D:8      | Reached skill level 5 in Evocations
  9627 | D:8      | Reached ***** piety under Lugonu
  9943 | D:7      | Bought a scroll of identify for 26 gold pieces
  9943 | D:7      | Bought a scroll of identify for 26 gold pieces
  9961 | D:7      | Reached skill level 9 in Long Blades
 10483 | D:8      | Noticed Erica
 10504 | D:8      | Killed Erica
 10684 | D:8      | Noticed a soul eater
 10825 | D:8      | Found an ancient bone altar of Kikubaaqudgha.
 11826 | D:9      | Reached skill level 5 in Crossbows
 12288 | D:9      | Found a faded altar of an unknown god.
 12288 | D:9      | Found a hazy altar of Hepliaklqana.
 12295 | D:9      | Found a glowing golden altar of the Shining One.
 12297 | D:9      | Found a bloodstained altar of Trog.
 12299 | D:9      | Found a stormy altar of Qazlal.
 12362 | D:9      | Reached skill level 10 in Long Blades
 12367 | D:9      | Reached XP level 12. HP: 69/92 MP: 16/16
 12580 | D:10     | Entered Level 10 of the Dungeon
 13963 | D:11     | Reached skill level 5 in Dodging
 14196 | D:11     | Found a staircase to the Lair.
 14197 | D:11     | Noticed a skeletal warrior
 14223 | D:11     | Noticed a skeletal warrior
 14275 | Lair:1   | Entered Level 1 of the Lair of Beasts
 15521 | Lair:1   | Noticed a seven-headed hydra
 15622 | Lair:1   | Killed a seven-headed hydra
 15646 | Lair:1   | Reached skill level 11 in Long Blades
 16039 | Lair:1   | Noticed a six-headed hydra
 16048 | Lair:1   | Killed a six-headed hydra
 16051 | Lair:1   | HP: 2/94 [komodo dragon (24)]
 16054 | Lair:1   | Slain by a komodo dragon

Illustrated notes

Levels and vault maps discovered:
D:1:      dpeg_arrival_tiny_g, layout_loops_ring, serial_bayou_pond_e,
          glass_columns_c
D:2:      layout_rooms
D:3:      layout_basic, mainiacjoe_overflow_swirl, grunt_decor_junction,
          minmay_misc_feat_rows, uniq_sigmund, uniq_ijyb
D:4:      layout_loops_corners, uniq_robin, uniq_eustachio,
          uniq_crazy_yiuf_cottage
D:5:      wad_pebble_path, layout_basic,
          chequers_temple_overflow_statue_of_worship,
          mainiacjoe_overflow_large_starburst, minmay_temple_entry_stoned_glass,
          serial_corexii_hall, corexii_hall_statues_l, corexii_hall_statues_x,
          minivault_19, uniq_prince_ribbit1
D:6:      wad_crossroads, layout_basic
D:7:      lemuel_castle_with_subvaults [lemuel_castle_interior_original],
          layout_loops_cross, ebering_ghost_xom, nicolae_take_the_stairs,
          chequers_serial_rivers_room_a, hangedman_abyss_or_decor_passed
D:8:      wander_kiku_kobolds, layout_cave_pools, special_room
          [special_room_orc], uniq_erica, uniq_maurice
D:9:      layout_long_grid, chequers_temple_overflow_minitemple,
          hangedman_abyss_or_decor_slice
D:10:     layout_layer_cave
D:11:     layout_loops_ring, dpeg_oklobed_lair
Lair:1:   layout_cave_shapes, hangedman_lair_generics_rect, grunt_megastairs_1

Skill      XL: |  1  2  3  4  5  6  7  8  9 10 11 12 |
---------------+-------------------------------------+-----
Dodging        | 1 2 3 4 5 |  5.4
Long Blades    | 3 4 5 6 8 10 11 | 11.1
Stealth        | 1 2 3 4 5 6 7 |  7.2
Evocations     | 1 2 3 4 5 6 |  6.1
Fighting       | 4 5 6 7 8 |  8.4
Crossbows      | 1 2 3 4 5 |  5.6
Shields        | 1 2 4 5 6 |  6.3
Armour         | 3 4 5 6 7 |  7.5
Invocations    | 3 4 5 6 7 |  7.0

Action                   |  1- 3 |  4- 6 |  7- 9 | 10-12 || total
-------------------------+-------+-------+-------+-------++-------
Melee: Falchion          |   102 |   101 |     3 |       ||   206
       Kick              |     6 |    32 |    71 |   234 ||   343
       Punch             |     1 |     3 |     2 |       ||     6
       Rapier            |       |       |    90 |       ||    90
       Great sword       |       |       |    53 |   707 ||   760
       Demon whip        |       |       |    86 |       ||    86
 Fire: Hand crossbow     |       |       |       |     1 ||     1
Invok: Depart the Abyss  |     1 |       |       |       ||     1
       Bend Space        |       |       |       |     1 ||     1
Evoke: Wand              |       |       |       |     8 ||     8
  Use: Scroll            |     4 |     1 |     6 |    13 ||    24
       Potion            |     1 |       |     2 |     7 ||    10
 Stab: Sleeping          |       |     2 |     6 |     6 ||    14
       Distracted        |       |       |       |     1 ||     1
Armor: Leather armour    |    24 |       |       |       ||    24
       Ring mail         |    18 |    55 |   145 |   254 ||   472
       Acid dragon scale |       |       |       |   113 ||   113
Dodge: Dodged            |    61 |    60 |   132 |   491 ||   744
Block: Buckler           |       |       |       |   218 ||   218

Table legend: (Time is in decaauts)
 A = Elapsed time spent in this place.
 B = Non-inter-level travel time spent in this place.
 C = Inter-level travel time spent in this place.
 D = Time resting spent in this place.
 E = Time spent auto-exploring this place.
 F = Levels seen in this place.
 G = Mean time per level.
                   A        B        C        D        E       F      G
               +--------+--------+--------+--------+--------+-----+--------+
         Total |  16332 |  15955 |    377 |   2751 |   9308 |  13 | 1256.3 |
       Dungeon |  14538 |  14161 |    377 |   2113 |   8393 |  11 | 1321.6 |
          Lair |   1794 |   1794 |      0 |    638 |    915 |   1 | 1794.0 |
         Abyss |      0 |      0 |      0 |      0 |      0 |   1 |    0.0 |
               +--------+--------+--------+--------+--------+-----+--------+

Top non-repeatable levels by time:
     D:7: 3282 daAuts
  Lair:1: 1794 daAuts
     D:9: 1653 daAuts
     D:6: 1647 daAuts
    D:10: 1344 daAuts
     D:4: 1332 daAuts
     D:8: 1285 daAuts
     D:1: 1224 daAuts
     D:5: 1099 daAuts
     D:3: 848 daAuts
     D:2: 454 daAuts
    D:11: 366 daAuts
